 Dungeon Crawl Stone Soup version 0.23.0-3-gf3c87f2 (webtiles) character file.

Game seed: 7776922849598384086

218 Scud the Insei (level 5, -2/69 HPs)
             Began as a Draconian Monk on Feb 23, 2019.
             Succumbed to a gnoll's poison
             ... on level 3 of the Dungeon.
             The game lasted 00:10:46 (2240 turns).

Scud the Insei (Draconian Monk)                     Turns: 2240, Time: 00:10:46

Health: -2/69      AC: 22    Str: 19    XL:     5   Next: 63%
Magic:  6/14       EV:  2    Int: 15    God:
Gold:   164        SH:  0    Dex: 14    Spells: 4/4 levels left

rFire    . . .     SeeInvis .     - Unarmed
rCold    . . .     Gourm    .   (no shield)
rNeg     + + +     Faith    .   (armour unavailable)
rPois    +         Spirit   +   (helmet currently unavailable)
rElec    .         Reflect  .   (cloak currently unavailable)
rCorr    .         Harm     .   (gloves currently unavailable)
MR       .....     NoTele   +   (boots currently unavailable)
Stlth    ++........             h - amulet of guardian spirit
HPRegen  0.21/turn              i - ring of magical power
MPRegen  0.14/turn              k - ring of wizardry

@: mighty, brilliant, lethally poisoned (-2 -> -60), tree-form
A: unfitting armour, AC +5
a: no special abilities


You were on level 3 of the Dungeon.
You were not hungry.
You were a tree.
You visited 1 branch of the dungeon, and saw 3 of its levels.

You collected 164 gold pieces.

Inventory:

Jewellery
 h - an amulet of guardian spirit (around neck)
 i - a ring of magical power (left branch)
 k - a ring of wizardry (right branch)
Scrolls
 b - 2 scrolls of immolation {unknown}
 c - 5 scrolls of identify {unknown}
 e - 2 scrolls of remove curse {unknown}
 j - a scroll of enchant weapon {unknown}
 l - a scroll of fog {unknown}
Potions
 f - 2 potions of curing
 g - a potion of brilliance
Comestibles
 a - 7 rations


   Skills:
 + Level 4.0 Fighting
 + Level 3.5 Dodging
 - Level 1.7 Stealth
 * Level 5.4 Unarmed Combat


You had 4 spell levels left.
You didn't know any spells.
Your spell library was empty.

Dungeon Overview and Level Annotations

Branches:
Dungeon (3/15)

Altars:
Elyvilon


Innate Abilities, Weirdness & Mutations

((Your plain brown scales are hard. (AC +5)))
You cannot fit into any form of body armour.
((You are cold-blooded and may be slowed by cold attacks.))


Message History

The gnoll hits you but does no damage.
You are more poisoned.
The gnoll hits you but does no damage.
* * * LOW HITPOINT WARNING * * *
You feel very sick. The gnoll hits you but does no damage.
You are more poisoned.
The gnoll hits you from afar with a +0 halberd.
* * * LOW HITPOINT WARNING * * *
* * * LOW HITPOINT WARNING * * *
You feel very sick. The gnoll hits you but does no damage.
The gnoll hits you from afar with a +0 halberd!
* * * LOW HITPOINT WARNING * * *
* * * LOW HITPOINT WARNING * * *
You feel very sick. The gnoll hits you but does no damage.
You are more poisoned.
The gnoll hits you but does no damage.
You die...

...........##
#........<..###
............#
#######........
............# ##.....###
......).....# ####......#
....<.......# #....#....#
............# #.#######.##
............# #.# #..##
........(..#######.# ##..#
...##.....rg)♣.#...# ##..
## ###....g##...### ##.
#####..##..# #. ##..#..# #.
##.#### ###. #.## # #...
#..# #.... #.##
##.######.... #.#
############............#.#


You could see 2 gnolls and a rat.

Vanquished Creatures
  5 gnolls
  7 adders
  3 oozes
  3 worms
  2 dart slugs
  4 leopard geckos
  3 orcs (D:3)
  A ball python (D:2)
  A giant cockroach (D:1)
  8 goblins
  10 hobgoblins
  7 kobolds
  2 quokkas
  13 bats
  8 frilled lizards
  4 rats
81 creatures vanquished.

Notes
Turn   | Place    | Note
-------+----------+-------------------------------------------
     0 | D:1      | Scud the Draconian Monk began the quest for the Orb.
     0 | D:1      | Reached XP level 1. HP: 19/19 MP: 1/1
   135 | D:1      | Reached XP level 2. HP: 26/26 MP: 2/2
   759 | D:2      | Reached XP level 3. HP: 33/33 MP: 3/3
  1167 | D:2      | Reached skill level 4 in Unarmed Combat
  1167 | D:2      | Reached XP level 4. HP: 21/40 MP: 4/4
  1567 | D:2      | Reached XP level 5. HP: 42/46 MP: 5/5
  1877 | D:3      | Found a white marble altar of Elyvilon.
  1900 | D:3      | Reached skill level 5 in Unarmed Combat
  2239 | D:3      | HP: 3/69 [poisoned by a gnoll]
  2240 | D:3      | Succumbed to a gnoll's poison

Skill      XL: |  1  2  3  4  5 |
---------------+----------------+-----
Dodging        | 3 |  3.5
Unarmed Combat | 4 5 |  5.4
Fighting       | 4 |  4.0
Stealth        | |  1.7

Action                   |  1- 3 |  4- 6 || total
-------------------------+-------+-------++-------
Melee: Unarmed           |   132 |   180 ||   312
       Tailslap          |    19 |    20 ||    39
       Punch             |     2 |       ||     2
  Use: Potion            |       |     5 ||     5
 Stab: Sleeping          |     7 |     6 ||    13
  Eat: Chunk             |     1 |       ||     1
       Ration            |       |     1 ||     1
Armor: Skin              |    24 |    74 ||    98
Dodge: Dodged            |    80 |   135 ||   215
